[Event "*** SCC Grand Prix: Titled Tuesday Blitz"]
[Site "Chess.com"]
[Date "2020.08.11"]
[Round "2"]
[White "Politov_Pavel"]
[Black "MasterSonnevanck23"]
[Result "1-0"]
[WhiteElo "2072"]
[BlackElo "2356"]
[TimeControl "180+1"]
[EndTime "10:16:46 PDT"]
[Termination "Politov_Pavel won by resignation"]

1. d4 d5 2. c4 e6 3. Nc3 a6 4. cxd5 exd5 5. Nf3 Nf6 6. Bg5 Be6 7. Qc2 Nbd7 8. e3 Bd6 9. Bd3 h6 10. Bh4 O-O 11. O-O Rc8 12. Bh7+ Kh8 13. Bf5 c5 14.
dxc5 Nxc5 15. Nd4 Qe7 16. Rfd1 b5 17. a3 Nce4 18. Bxe4 dxe4 19. Bxf6 Qxf6 20. Qxe4 Bd7 21. Nd5 Qd8 22. Nf5 Bb8 23. Nb6 Bxf5 24. Rxd8 Bxe4 25. Rxc8 Rxc8 26. Nxc8 Be5 27. f3 Bb7 28. Nb6 Bxb2 29.
Ra2 Bf6 30. Rc2 Kg8 31. Rc7 1-0

[Event "*** SCC Grand Prix: Titled Tuesday Blitz"]
[Site "Chess.com"]
[Date "2020.08.11"]
[Round "2"]
[White "Ave_Mariia"]
[Black "Klavdia_Nik"]
[Result "1-0"]
[WhiteElo "2374"]
[BlackElo "2060"]
[TimeControl "180+1"]
[EndTime "10:16:47 PDT"]
[Termination "Ave_Mariia won by resignation"]

1. d4 Nf6 2. c4 c5 3. d5 b5 4.
cxb5 a6 5. bxa6 Bxa6 6. Nc3 d6 7. Nf3 g6 8. g3 Bg7 9. Bg2 O-O 10. Rb1 Qa5 11.
O-O Nbd7 12. Qc2 Rfb8 13. b3 Bb7 14. Rd1 Nb6 15. Bd2 Qa6 16. e4 Nbd7 17. a4 Qb6 18. Nb5 Ba6 19. Bf1 Ng4 20. Bc3 Nge5 21. Nxe5 Nxe5 22.
Bxe5 Bxe5 23. Na3 Bxf1 24. Rxf1 Qb4 25. Nc4 Bd4 26. Kg2 Qb7 27. Rfd1 Qd7 28. a5 Ra7 29. b4 f5 30. bxc5 Bxc5 31. Rxb8+ 1-0

[Event "*** SCC Grand Prix: Titled Tuesday Blitz"]
[Site "Chess.com"]
[Date "2020.08.11"]
[Round "2"]
[White "Harsha_Bharathakoti"]
[Black "OhanyanEminChess"]
[Result "1-0"]
[WhiteElo "2853"]
[BlackElo "2429"]
[TimeControl "180+1"]
[EndTime "10:16:53 PDT"]
[Termination "Harsha_Bharathakoti won by resignation"]

1. c4 c5 2. Nf3 Nf6 3. Nc3 g6 4. d4 cxd4 5. Nxd4 Nc6 6. e4 d6 7. Be2 Bg7 8. Be3 O-O 9. O-O a6 10. Qd2 Nxd4 11. Bxd4 Be6 12. Rac1 Rc8 13. b3 Re8 14. f4 Qa5 15. Qe3 Bg4 16. Bd3 Be6 17.
h3 Red8 18. Bb6 Qa3 19. Bxd8 Rxd8 20. Rc2 Nd7 21. f5 Nc5 22. fxe6 Nxe6 23. Ne2 1-0

[Event "*** SCC Grand Prix: Titled Tuesday Blitz"]
[Site "Chess.com"]
[Date "2020.08.11"]
[Round "2"]
[White "jerry_77"]
[Black "AvitalBor"]
[Result "0-1"]
[WhiteElo "2323"]
[BlackElo "2819"]
[TimeControl "180+1"]
[EndTime "10:16:56 PDT"]
[Termination "AvitalBor won by resignation"]

1. e4 e5 2. Nf3 Nc6 3. Bc4 g6 4. O-O Bg7 5. c3 d6 6. d4 Bg4 7. d5 Nce7 8. Nbd2 Nf6 9. h3 Bd7 10. Bd3 Nh5 11. Re1 O-O 12. Nf1 f5 13. exf5 gxf5 14. Ng5 Qe8 15. Ng3 Nxg3 16. fxg3 Qg6 17. Kh2 Nxd5 18. Bc4 c6 19. Bxd5+ cxd5 20. Qxd5+ Kh8 21.
Rd1 Rf6 22. Qxb7 Qe8 23. Qc7 h6 24. Nf3 Rc8 25. Qxa7 Bc6 26. Nh4 f4 27. gxf4 exf4 28. Qf2 Qh5 29. Nf3 Rg8 30. a4 Rg6 31. Bxf4 Bxc3 32.
Rd3 Rxg2+ 33. Qxg2 Rxg2+ 34. Kxg2 Qg6+ 0-1

[Event "*** SCC Grand Prix: Titled Tuesday Blitz"]
[Site "Chess.com"]
[Date "2020.08.11"]
[Round "2"]
[White "GoltsevDmitry2000"]
[Black "GigaQuparadze"]
[Result "1/2-1/2"]
[WhiteElo "2600"]
[BlackElo "2929"]
[TimeControl "180+1"]
[EndTime "10:16:59 PDT"]
[Termination "Game drawn by repetition"]

1. e4 c5 2. Nf3 Nc6 3. b3 d6 4.
Bb2 Nf6 5. e5 Nxe5 6. Nxe5 dxe5 7.
Bxe5 e6 8. Nc3 Bd6 9. Qe2 O-O 10.
g3 Bxe5 11. Qxe5 Nd7 12. Qe2 b6 13. Bg2 Rb8 14. O-O Bb7 15. Rad1 Bxg2 16. Kxg2 Nf6 17.
Ne4 Qd5 18. f3 Nxe4 19. Qxe4 Rbd8 20. Qxd5 Rxd5 21. d3 Rfd8 22. Rfe1 h5 23. Re4 g6 24. Rde1 Rd4 25. a4 Kg7 26. f4 Kf6 27. Kf3 R8d5 28. h3 a6 29. R1e2 Rd8 30. Re1 R8d7 31. Re5 Rc7 32. g4 hxg4+ 33. hxg4 b5 34. axb5 axb5 35. Ke3 Rd8 36. Ra1 c4 37. Rxb5 cxd3 38. cxd3 Rc3 39.
Rd1 Rc2 40. g5+ Kg7 41. Rb7 Rh2 42. b4 Rh3+ 43. Ke4 Rh2 44. b5 Rb2 45. Rc1 Re2+ 46. Kf3 Rd2 47. Rcc7 R2xd3+ 48. Ke2 Rd2+ 49. Ke1 Rd1+ 50. Ke2 R1d2+ 51. Ke1 Rd1+ 52. Ke2 R8d2+ 53. Ke3 Rd3+ 54.
Ke2 R1d2+ 55. Ke1 Rd1+ 56. Ke2 R1d2+ 57. Ke1 Rd1+ 58. Ke2 1/2-1/2

[Event "*** SCC Grand Prix: Titled Tuesday Blitz"]
[Site "Chess.com"]
[Date "2020.08.11"]
[Round "2"]
[White "grunbergmihai"]
[Black "Roza_Idrisova"]
[Result "1-0"]
[WhiteElo "2441"]
[BlackElo "2227"]
[TimeControl "180+1"]
[EndTime "10:16:59 PDT"]
[Termination "grunbergmihai won by resignation"]

1. Nf3 d5 2. c4 c6 3. g3 Nf6 4. Bg2 Bf5 5. O-O e6 6. d3 h6 7. Qb3 Qb6 8. Be3 Qc7 9. Nc3 Nbd7 10. Rac1 Be7 11. cxd5 exd5 12. Nd4 Bg6 13. Nxd5 Nxd5 14. Bxd5 O-O 15. Bg2 Rfe8 16. Bf4 Qb6 17. Qxb6 axb6 18. a3 Bf6 19. Be3 Nc5 20. Rc2 Rad8 21. Nf3 Na4 22.
b3 Nc5 23. Bxc5 bxc5 24. Re1 b6 25. Kf1 Ra8 26. a4 Red8 27. Rec1 Bf5 28. Nd2 Rdc8 29. Nc4 Rab8 30. Nd6 Be6 31. Nxc8 Rxc8 32. b4 Be7 33. bxc5 Bxc5 34. a5 Ra8 35. axb6 Bxb6 36. Rxc6 Bd4 37. Rxe6 fxe6 1-0

[Event "*** SCC Grand Prix: Titled Tuesday Blitz"]
[Site "Chess.com"]
[Date "2020.08.11"]
[Round "2"]
[White "OparinGrigoriy"]
[Black "coalescenet"]
[Result "1-0"]
[WhiteElo "2933"]
[BlackElo "1934"]
[TimeControl "180+1"]
[EndTime "10:17:01 PDT"]
[Termination "OparinGrigoriy won by checkmate"]

1. d4 d5 2. Nf3 c5 3. e3 e6 4. b3 b6 5. Bb2 Nf6 6. Nbd2 Be7 7. Bd3 O-O 8. O-O Bb7 9. Ne5 Ne4 10. Nxe4 dxe4 11. Be2 cxd4 12. Qxd4 Bf6 13. Rfd1 Qc7 14. Qd6 Rc8 15. Qxc7 Rxc7 16. Ng4 Rxc2 17. Nxf6+ gxf6 18. Bxf6 Nc6 19. Bh5 Rc8 20. Rd7 Na5 21. Rad1 Bd5 22. Bxf7+ Kf8 23. Bh5 Rc1 24. Rd8+ Rxd8 25.
Rxc1 Ra8 26. Rc7 Nc6 27. Rxh7 Nb4 28. Rh8# 1-0

[Event "*** SCC Grand Prix: Titled Tuesday Blitz"]
[Site "Chess.com"]
[Date "2020.08.11"]
[Round "2"]
[White "ManuDavid2910"]
[Black "chess_rehab"]
[Result "1-0"]
[WhiteElo "2632"]
[BlackElo "2301"]
[TimeControl "180+1"]
[EndTime "10:17:05 PDT"]
[Termination "ManuDavid2910 won by checkmate"]

1. e4 c5 2. Nf3 d6 3. c3 Nf6 4. Bc4 e6 5. d3 Be7 6. Bb3 O-O 7.
O-O Nc6 8. Re1 Rb8 9. d4 e5 10. h3 h6 11. Nbd2 Re8 12. Nf1 Bf8 13. Ng3 b5 14. Bd5 Qc7 15. a4 b4 16. Bd2 bxc3 17.
bxc3 Nxd5 18. exd5 Na5 19. Rb1 Rxb1 20. Qxb1 Nc4 21.
Bc1 cxd4 22. cxd4 Qb6 23. Qa2 Ba6 24. Ne4 f5 25. Ng3 e4 26. Nxf5 exf3 27. Rxe8 Qb4 28.
Qc2 Qa5 29. Ne7+ Kf7 30. Qg6# 1-0

[Event "*** SCC Grand Prix: Titled Tuesday Blitz"]
[Site "Chess.com"]
[Date "2020.08.11"]
[Round "2"]
[White "zala02"]
[Black "tlomigtlis"]
[Result "0-1"]
[WhiteElo "2215"]
[BlackElo "2434"]
[TimeControl "180+1"]
[EndTime "10:17:06 PDT"]
[Termination "tlomigtlis won on time"]

1. d4 d5 2. c4 c6 3. Nf3 Nf6 4. e3 Bf5 5. Nc3 e6 6. Nh4 Be4 7. f3 Bg6 8. Qb3 Qc7 9. Bd2 Be7 10. cxd5 cxd5 11. Nxg6 hxg6 12. g3 Nc6 13. O-O-O O-O 14.
Kb1 a6 15. g4 Na5 16. Qc2 Rac8 17. h4 Nc4 18. h5 Nxd2+ 19. Qxd2 g5 20. h6 g6 21. h7+ Kh8 22. Bd3 Bb4 23. Rc1 Qa5 24. f4 gxf4 25. exf4 Qb6 26. Qe3 Bxc3 27. b3 Qxd4 0-1

[Event "*** SCC Grand Prix: Titled Tuesday Blitz"]
[Site "Chess.com"]
[Date "2020.08.11"]
[Round "2"]
[White "IMTominho"]
[Black "aNaartjieZA"]
[Result "1-0"]
[WhiteElo "2761"]
[BlackElo "2505"]
[TimeControl "180+1"]
[EndTime "10:17:07 PDT"]
[Termination "IMTominho won by resignation"]

1. d4 Nf6 2. c4 c5 3. d5 e5 4. Nc3 d6 5. e4 Nbd7 6. Bd3 Be7 7. Nge2 h5 8. h3 h4 9. Be3 Nh5 10. Qd2 a6 11. a4 Rb8 12. O-O g6 13. Rab1 b6 14. b4 Ra8 15. a5 cxb4 16. Rxb4 bxa5 17. Rb2 Kf8 18. Na4 Kg7 19. Rc1 Bf6 20. c5 dxc5 21. Nxc5 Nxc5 22. Rxc5 Nf4 23. Nxf4 exf4 24. Bxf4 a4 25.
e5 Be7 26. d6 Bf8 27. Bc4 Ra7 28. Bg5 Qe8 29. Bf6+ Kg8 30. Qg5 Bf5 31. Bxh8 Kxh8 32. Qxh4+ Kg8 33. Qd4 Bg7 34. f4 a3 35. Ra2 Rb7 36.
Rc7 Rb1+ 37. Kh2 Be6 38. Re7 1-0

[Event "*** SCC Grand Prix: Titled Tuesday Blitz"]
[Site "Chess.com"]
[Date "2020.08.11"]
[Round "2"]
[White "emperor87"]
[Black "Micki-taryan"]
[Result "0-1"]
[WhiteElo "2612"]
[BlackElo "3053"]
[TimeControl "180+1"]
[EndTime "10:17:08 PDT"]
[Termination "Micki-taryan won by resignation"]

1. e4 e5 2. Nf3 Nc6 3. Bc4 Bc5 4. d3 Nf6 5. c3 a5 6. O-O O-O 7. h3 h6 8. Re1 d6 9. d4 Bb6 10. a4 exd4 11. cxd4 d5 12. exd5 Nb4 13. Nc3 Nbxd5 14. Ne5 c6 15. Qd3 Be6 16. Qg3 Bxd4 17. Bxh6 Nh5 18. Qf3 Qf6 19. Nxd5 cxd5 20. Qxh5 Bxf2+ 21. Kh1 Bxe1 22. Bg5 Qxe5 23. Bd3 Bf5 24. Be7 g6 25. Qg5 f6 26. Qh6 Qxe7 0-1

[Event "*** SCC Grand Prix: Titled Tuesday Blitz"]
[Site "Chess.com"]
[Date "2020.08.11"]
[Round "2"]
[White "bascheyaro"]
[Black "chenxiaoyuer"]
[Result "1-0"]
[WhiteElo "2704"]
[BlackElo "2470"]
[TimeControl "180+1"]
[EndTime "10:17:08 PDT"]
[Termination "bascheyaro won by checkmate"]

1. d4 Nf6 2. Nc3 d5 3. Bf4 g6 4.
Nb5 Na6 5. e3 c6 6. Nc3 Bg7 7.
Nf3 O-O 8. h3 Nd7 9. Be2 Re8 10.
e4 dxe4 11. Nxe4 Nf6 12. Ng3 Nd5 13. Bd2 c5 14. c3 cxd4 15. cxd4 Nab4 16. O-O Nc6 17. Bc4 Nb6 18. Bb3 Nxd4 19. Nxd4 Qxd4 20. Qf3 e6 21. Bc3 Qd8 22. Rfd1 Qe7 23. Bxg7 Kxg7 24.
Rac1 e5 25. Ne4 Be6 26. Bxe6 Qxe6 27. Rc7 Re7 28. Ng5 Qf6 29. Qxf6+ Kxf6 30. Nxh7+ Ke6 31. Ng5+ Kf6 32. Ne4+ Ke6 33. Rd6+ Kf5 34. Ng3+ Kf4 35. Rxe7 Rc8 36. Rxf7+ Kg5 37. Ne4+ Kh5 38. Rh7# 1-0

[Event "*** SCC Grand Prix: Titled Tuesday Blitz"]
[Site "Chess.com"]
[Date "2020.08.11"]
[Round "2"]
[White "icychess54"]
[Black "eightbyeightchess"]
[Result "0-1"]
[WhiteElo "2219"]
[BlackElo "2438"]
[TimeControl "180+1"]
[EndTime "10:17:10 PDT"]
[Termination "eightbyeightchess won by resignation"]

1. c4 c6 2. Nf3 d5 3. e3 Nf6 4. Nc3 Bf5 5. Be2 a6 6. O-O b5 7. b3 e6 8. Bb2 Bd6 9. cxd5 cxd5 10. Nd4 Bg6 11. f4 Nbd7 12. f5 exf5 13. Nxf5 Bxf5 14. Rxf5 O-O 15. Nxd5 Nxd5 16. Rxd5 Qe7 17. Bd3 Nc5 18.
Bc2 Rad8 19. Rh5 h6 20. Qg4 f5 21. Qg6 Be5 22. Bxe5 Qxe5 23. Rf1 Rxd2 24. Rxh6 Qxe3+ 25. Kh1 Qxh6 0-1

[Event "*** SCC Grand Prix: Titled Tuesday Blitz"]
[Site "Chess.com"]
[Date "2020.08.11"]
[Round "2"]
[White "chessablanca"]
[Black "Shivagami"]
[Result "0-1"]
[WhiteElo "2415"]
[BlackElo "2224"]
[TimeControl "180+1"]
[EndTime "10:17:13 PDT"]
[Termination "Shivagami won by resignation"]

1. Nf3 d5 2. c4 d4 3. e3 Nc6 4.
exd4 Nxd4 5. Nxd4 Qxd4 6. Nc3 Nh6 7. d3 e5 8. Be2 Nf5 9. O-O Bc5 10. Ne4 Be7 11. Rb1 a5 12. b3 O-O 13. Bb2 Qb6 14.
Bxe5 Qg6 15. Ng3 Nxg3 16. Bxg3 f5 17. Bxc7 f4 18. Bf3 Bf5 19. Rb2 Bxd3 20. Re1 Bb4 21. Bd5+ Kh8 22. Re6 Qf5 23. a3 Bc3 24. Ra2 f3 25.
Qxf3 Qxe6 26. Qxd3 Qe1+ 27. Qf1 Rae8 28. h3 Qxf1+ 0-1

[Event "*** SCC Grand Prix: Titled Tuesday Blitz"]
[Site "Chess.com"]
[Date "2020.08.11"]
[Round "2"]
[White "Andrakhanova"]
[Black "mapleaff"]
[Result "1/2-1/2"]
[WhiteElo "1689"]
[BlackElo "2327"]
[TimeControl "180+1"]
[EndTime "10:17:13 PDT"]
[Termination "Game drawn by repetition"]

1. c4 Nf6 2. Nc3 g6 3. g3 d6 4. Bg2 Bg7 5. Nf3 O-O 6. O-O Nc6 7. d4 e5 8. d5 Ne7 9. e4 Nd7 10. Qc2 h6 11. Be3 f5 12. exf5 gxf5 13. Rae1 Nf6 14.
Qc1 Ng4 15. Bd2 Ng6 16. h3 e4 17. hxg4 exf3 18. Bxf3 fxg4 19. Be4 Ne5 20. Bxh6 Bf5 21.
Bxg7 Kxg7 22. Bxf5 Nf3+ 23. Kg2 Nxe1+ 24. Rxe1 Rxf5 25. Ne2 Qf6 26. Nf4 Rh8 27. Re6 Qf7 28. Qe1 Re5 29. Rxe5 dxe5 30. Qxe5+ Kg8 31. Qg5+ Qg7 32.
Qd8+ Kh7 33. Qh4+ Kg8 34. Qd8+ Kh7 35. Qh4+ Kg8 36. Qd8+ 1/2-1/2

[Event "*** SCC Grand Prix: Titled Tuesday Blitz"]
[Site "Chess.com"]
[Date "2020.08.11"]
[Round "2"]
[White "Artyom_ChessMate"]
[Black "exoticprincess"]
[Result "0-1"]
[WhiteElo "2553"]
[BlackElo "2832"]
[TimeControl "180+1"]
[EndTime "10:17:15 PDT"]
[Termination "exoticprincess won by resignation"]

1. e4 c6 2. d4 d5 3. exd5 cxd5 4. Bd3 Nc6 5. c3 g6 6. Bf4 Bf5 7. Nf3 e6 8. Ne5 Nge7 9. h3 Bg7 10. O-O O-O 11. Bxf5 Nxf5 12. Nd3 Rc8 13. Nd2 Re8 14. Nf3 Nd6 15. Nfe5 Nxe5 16. Bxe5 Nc4 17. Bxg7 Kxg7 18. Qe2 Qf6 19. Rae1 Nd6 20. Ne5 Nc4 21. Nd3 Rc7 22. g4 Nd6 23. f3 Rh8 24. Qe5 Qxe5 25. Rxe5 Nc4 26. Re2 h5 27. Kg2 hxg4 28. hxg4 Rcc8 29.
Rh1 Rxh1 30. Kxh1 g5 31. Kg2 Kf6 32. Re1 Rc6 33. Re2 Ra6 34. a3 Rb6 35. Kg3 a5 36. a4 Rc6 37. f4 gxf4+ 38. Kxf4 Rb6 39. g5+ Kg7 40. Rh2 Rb3 41. Re2 b5 42. Nc5 bxa4 43.
Nxb3 axb3 44. Kf3 a4 45. Kf4 a3 46. bxa3 b2 47. Re1 Nxa3 48. Ke3 b1=Q 49. Rxb1 Nxb1 50.
Kd3 Kg6 51. Kc2 Nxc3 52. Kxc3 Kxg5 0-1

[Event "*** SCC Grand Prix: Titled Tuesday Blitz"]
[Site "Chess.com"]
[Date "2020.08.11"]
[Round "2"]
[White "HanSchut"]
[Black "Fandorine"]
[Result "0-1"]
[WhiteElo "2329"]
[BlackElo "2890"]
[TimeControl "180+1"]
[EndTime "10:17:16 PDT"]
[Termination "Fandorine won by checkmate"]

1. e4 e5 2. Nf3 Nc6 3. Bc4 Bc5 4.
b4 Bb6 5. a4 a6 6. Nc3 Nf6 7. d3 h6 8. Nd5 d6 9. Nxb6 cxb6 10.
c3 O-O 11. h3 Be6 12. Bxe6 fxe6 13. O-O Ne7 14. Re1 Ng6 15. Qb3 Qd7 16. Be3 Nh5 17.
Nh2 Nhf4 18. Rad1 b5 19. a5 Rac8 20. d4 Rc4 21. dxe5 Nxe5 22. Bc5 Nfd3 23. Be3 Nxe1 24.
Rxe1 Qc6 25. f3 Kh8 26. Bd2 Nd3 27. Re3 Nf4 28. Kf1 e5 29. Qd1 d5 30. exd5 Qxd5 31. Qe1 e4 32. fxe4 Nd3+ 33. Kg1 Rxe4 34. Qe2 Nf4 35.
Qf3 Rxe3 36. Qxe3 Qxg2# 0-1

[Event "*** SCC Grand Prix: Titled Tuesday Blitz"]
[Site "Chess.com"]
[Date "2020.08.11"]
[Round "2"]
[White "DACF2905"]
[Black "Nikithebest"]
[Result "1-0"]
[WhiteElo "2230"]
[BlackElo "2417"]
[TimeControl "180+1"]
[EndTime "10:17:16 PDT"]
[Termination "DACF2905 won by resignation"]

1. c4 c5 2. Nc3 Nc6 3. g3 g6 4. Bg2 Bg7 5. e3 d6 6. Nge2 Bf5 7. O-O Bd3 8. Re1 Bxc4 9. Bxc6+ bxc6 10. Qa4 Be6 11.
Qxc6+ Bd7 12. Qa6 h5 13. d4 h4 14. dxc5 hxg3 15. hxg3 dxc5 16. Rd1 Qc7 17. Nd5 Qe5 18.
Nef4 Qe4 19. Ng2 Bc6 20. Qxc6+ 1-0

[Event "*** SCC Grand Prix: Titled Tuesday Blitz"]
[Site "Chess.com"]
[Date "2020.08.11"]
[Round "2"]
[White "Babas"]
[Black "Rud_Makarian"]
[Result "0-1"]
[WhiteElo "2451"]
[BlackElo "2676"]
[TimeControl "180+1"]
[EndTime "10:17:18 PDT"]
[Termination "Rud_Makarian won by resignation"]

1. d4 Nf6 2. Nf3 g6 3. c4 Bg7 4. Nc3 d6 5. e4 O-O 6. Be2 e5 7. O-O Nc6 8. d5 Ne7 9. b4 a5 10. Ba3 b6 11. Ne1 Ne8 12. Nd3 f5 13. f3 f4 14. Nb5 g5 15. bxa5 Rxa5 16. Bb4 Ra8 17. a4 h5 18. h3 Kh7 19. a5 c5 20. Bc3 bxa5 21. Qd2 Ng6 22. Bxa5 Qf6 23. Bc3 Rxa1 24.
Rxa1 g4 25. fxg4 hxg4 26. Bxg4 Bxg4 27. hxg4 f3 28. Rf1 Nh4 29. Ne1 Bh6 30. Qf2 fxg2 31. Qxf6 Be3+ 32. Kh2 gxf1=N+ 33. Qxf1 Rxf1 0-1

[Event "*** SCC Grand Prix: Titled Tuesday Blitz"]
[Site "Chess.com"]
[Date "2020.08.11"]
[Round "2"]
[White "VladimirBelous"]
[Black "Sergey85Rodchenkov"]
[Result "1-0"]
[WhiteElo "2730"]
[BlackElo "2486"]
[TimeControl "180+1"]
[EndTime "10:17:19 PDT"]
[Termination "VladimirBelous won by resignation"]

1. c4 Nf6 2. Nc3 d5 3. cxd5 Nxd5 4. g3 Nc6 5. Bg2 Nb6 6. Nf3 g6 7. b3 Bg7 8. Bb2 O-O 9. O-O a5 10. e3 e5 11. Rc1 Re8 12. a3 Bf5 13. d4 exd4 14.
exd4 Nxd4 15. Nxd4 Qxd4 16. Qxd4 Bxd4 17. Bxb7 Rab8 18.
Bc6 Red8 19. Rfd1 h5 20. Kg2 Rd6 21. Bf3 Nc4 22. Ba1 Rxb3 23. Nb5 Bxa1 24. Nxd6 Nxd6 25. Rxa1 Rxf3 26. Kxf3 Bg4+ 27. Kg2 Bxd1 28. Rxd1 Nc4 29. Rd3 Nb2 30. Rc3 1-0

[Event "*** SCC Grand Prix: Titled Tuesday Blitz"]
[Site "Chess.com"]
[Date "2020.08.11"]
[Round "2"]
[White "vvg2"]
[Black "NateSolon"]
[Result "1-0"]
[WhiteElo "2236"]
[BlackElo "2535"]
[TimeControl "180+1"]
[EndTime "10:17:19 PDT"]
[Termination "vvg2 won by resignation"]

1. d4 Nf6 2. c4 e6 3. Nf3 d5 4.
Nc3 dxc4 5. e3 a6 6. a4 c5 7.
Bxc4 Nc6 8. O-O Be7 9. Qe2 cxd4 10. Rd1 O-O 11. exd4 Nb4 12. Ne5 b6 13. Qf3 Ra7 14.
Bg5 Bb7 15. Qg3 g6 16. Qh3 Nfd5 17. Bh6 Re8 18. Ne4 Ba8 19. Ra3 Nc6 20. Nxf7 Kxf7 21. Rf3+ Kg8 22. Qxe6+ Kh8 23. Bxd5 Bf8 24. Rxf8+ Rxf8 25.
Bxf8 1-0

[Event "*** SCC Grand Prix: Titled Tuesday Blitz"]
[Site "Chess.com"]
[Date "2020.08.11"]
[Round "2"]
[White "gmmoranda"]
[Black "Timerkhanov"]
[Result "1-0"]
[WhiteElo "2904"]
[BlackElo "2584"]
[TimeControl "180+1"]
[EndTime "10:17:20 PDT"]
[Termination "gmmoranda won by resignation"]

1. d4 d5 2. c4 c6 3. Nc3 Nf6 4. e3 a6 5. Qc2 g6 6. Bd3 Bg7 7. Nf3 O-O 8. O-O dxc4 9. Bxc4 b5 10. Be2 Bb7 11. Rd1 Nbd7 12. e4 Rc8 13. Bg5 b4 14.
Na4 c5 15. d5 h6 16. Bh4 g5 17.
Bg3 Nh5 18. Rac1 Nxg3 19. hxg3 Qa5 20. b3 Ne5 21. Nd2 Nd7 22. Nc4 Qc7 23. Bg4 Bd4 24. Bxd7 Qxd7 25. Nab6 Qg4 26. Nxc8 Bxc8 27. Rxd4 cxd4 28.
Ne5 Qh5 29. Nc6 Bd7 30. Nxe7+ Kg7 31. Qd2 f6 32. Rc7 Rd8 33. Nc6 d3 34. Qxd3 1-0

[Event "*** SCC Grand Prix: Titled Tuesday Blitz"]
[Site "Chess.com"]
[Date "2020.08.11"]
[Round "2"]
[White "bratkoo"]
[Black "Shield12"]
[Result "0-1"]
[WhiteElo "2562"]
[BlackElo "2852"]
[TimeControl "180+1"]
[EndTime "10:17:20 PDT"]
[Termination "Shield12 won by resignation"]

1. e4 c5 2. Nf3 Nc6 3. d4 cxd4 4.
Nxd4 Nf6 5. Nc3 d6 6. h3 e5 7. Nde2 Be6 8. g4 d5 9. exd5 Nxd5 10.
Bg2 Nxc3 11. Qxd8+ Rxd8 12. Nxc3 h5 13. Be3 hxg4 14.
hxg4 Rxh1+ 15. Bxh1 Bxg4 16. Bxc6+ bxc6 17. Bxa7 f5 18. Be3 f4 19. Bd2 Bf3 20. a4 Bc5 21. a5 Kf7 22. a6 Rh8 23. Bc1 Rh1+ 24. Kd2 Bxf2 25. a7 Be3+ 26. Kd3 Bxa7 27. Rxa7+ Kf6 28. Bd2 g5 29. Ne4+ Bxe4+ 30. Kxe4 Rh2 31. Bc3 Re2+ 32. Kd3 f3 33. Ra4 Kf5 34. Ra7 e4+ 35. Kd4 f2 36. Rf7+ Kg6 37. Rf8 e3 38. Rf6+ Kh5 39. Ke4 Re1 0-1

[Event "*** SCC Grand Prix: Titled Tuesday Blitz"]
[Site "Chess.com"]
[Date "2020.08.11"]
[Round "2"]
[White "David_Paravyan"]
[Black "renehp"]
[Result "1-0"]
[WhiteElo "2879"]
[BlackElo "2440"]
[TimeControl "180+1"]
[EndTime "10:17:20 PDT"]
[Termination "David_Paravyan won by resignation"]

1. d4 d5 2. c4 c6 3. Nf3 Nf6 4.
g3 Bg4 5. Ne5 Be6 6. cxd5 Bxd5 7.
f3 Nbd7 8. e4 Be6 9. Nd3 g6 10.
Nf4 Qa5+ 11. Nc3 O-O-O 12. Nxe6 fxe6 13. Bh3 e5 14. dxe5 Qxe5 15. Bf4 Qc5 16. Qe2 e5 17. Bg5 Be7 18. O-O-O Kb8 19. Kb1 Nb6 20. Be6 h6 21. Be3 Qa5 22. f4 Bb4 23. fxe5 Bxc3 24.
exf6 Bxf6 25. Bf4+ Be5 26. Rxd8+ Rxd8 27. Rd1 Rf8 28.
Qd2 Qxd2 29. Bxe5+ 1-0

[Event "*** SCC Grand Prix: Titled Tuesday Blitz"]
[Site "Chess.com"]
[Date "2020.08.11"]
[Round "2"]
[White "LuisFSiles"]
[Black "XDPS"]
[Result "0-1"]
[WhiteElo "2320"]
[BlackElo "2654"]
[TimeControl "180+1"]
[EndTime "10:17:22 PDT"]
[Termination "XDPS won by resignation"]

1. e4 c5 2. c3 e6 3. d4 d5 4. exd5 exd5 5. Be3 c4 6. b3 cxb3 7. axb3 Nc6 8. Bd3 Bd6 9. Nf3 Nf6 10. h3 O-O 11.
O-O Re8 12. Bg5 h6 13. Bh4 a6 14. c4 dxc4 15. bxc4 Nb4 16. c5 Nxd3 17. Qxd3 Bxc5 18. Bxf6 Qxf6 19. Nc3 Bf5 20. Qc4 Bd6 21. Nd5 Qd8 22. Ne3 Be4 23. Nd2 Bc6 24. Rfe1 Rc8 25. d5 Bb5 26. Qg4 Qg5 27. Qd4 Be5 28. Qa7 Bxa1 29. Nf3 0-1

[Event "*** SCC Grand Prix: Titled Tuesday Blitz"]
[Site "Chess.com"]
[Date "2020.08.11"]
[Round "2"]
[White "chessdjw"]
[Black "Lysiak_Poltorak"]
[Result "1-0"]
[WhiteElo "2614"]
[BlackElo "2341"]
[TimeControl "180+1"]
[EndTime "10:17:22 PDT"]
[Termination "chessdjw won by resignation"]

1. c4 Nf6 2. Nc3 d5 3. cxd5 Nxd5 4. Nf3 c5 5. d4 Nxc3 6. bxc3 g6 7. e4 Bg7 8. Be3 O-O 9. Be2 cxd4 10. cxd4 Qa5+ 11.
Bd2 Qa3 12. O-O Bg4 13. Rb1 Qxa2 14. Rxb7 Bxf3 15. Bxf3 Bxd4 16. e5 Na6 17. Bh6 Rfd8 18.
Qc1 Rac8 19. Qf4 Rc2 20. Rxe7 Rxf2 21. Qxd4 Rxf1+ 22. Kxf1 Qb1+ 23. Kf2 Qc2+ 24. Kg3 Rc8 25. e6 f6 26. Qxf6 Qc7+ 27. Rxc7 1-0

[Event "*** SCC Grand Prix: Titled Tuesday Blitz"]
[Site "Chess.com"]
[Date "2020.08.11"]
[Round "2"]
[White "SRDR8290"]
[Black "Adham_Fawzy"]
[Result "0-1"]
[WhiteElo "2383"]
[BlackElo "2728"]
[TimeControl "180+1"]
[EndTime "10:17:23 PDT"]
[Termination "Adham_Fawzy won by resignation"]

1. d4 c5 2. e3 cxd4 3. exd4 d5 4. Nf3 Nc6 5. Be2 Nf6 6. O-O Bf5 7. c3 e6 8. Bf4 h6 9. Nbd2 Bd6 10. Bxd6 Qxd6 11.
Re1 O-O 12. Bf1 Rfe8 13. Ne5 a6 14. a4 Rac8 15. Qb3 Na5 16. Qd1 Qb6 17. b4 Nc6 18. a5 Qc7 19. Nxc6 Qxc6 20. Re3 Qd6 21. Nb3 Ng4 22.
Rg3 Rxc3 23. Nc5 Rxg3 24. hxg3 Re7 25. Bd3 Nf6 26. Bxf5 exf5 27. Qf3 g6 28. Rb1 Qc6 29. Qf4 Kg7 30. f3 Nh5 31. Qb8 Qf6 32. Rd1 f4 33.
gxf4 Nxf4 34. Nxb7 Qg5 35. g4 h5 36. Nd6 hxg4 37.
Ne8+ Rxe8 38. Qxe8 gxf3+ 39. Kf2 Qg2+ 40. Ke1 f2+ 0-1

[Event "*** SCC Grand Prix: Titled Tuesday Blitz"]
[Site "Chess.com"]
[Date "2020.08.11"]
[Round "2"]
[White "Khvicha_Supatashvili"]
[Black "Tashik"]
[Result "1-0"]
[WhiteElo "2728"]
[BlackElo "2372"]
[TimeControl "180+1"]
[EndTime "10:17:26 PDT"]
[Termination "Khvicha_Supatashvili won by resignation"]

1. d4 Nf6 2. Nf3 e6 3. c4 d5 4.
Nc3 c5 5. e3 a6 6. cxd5 exd5 7.
Be2 Nc6 8. O-O Bd6 9. b3 cxd4 10.
Nxd4 Nxd4 11. Qxd4 Qc7 12. Bb2 Bxh2+ 13. Kh1 Be5 14.
Nxd5 Nxd5 15. Qxe5+ Qxe5 16. Bxe5 f6 17. Bd4 Be6 18. Rac1 O-O 19. Bf3 Rac8 20. Rfd1 Kf7 21. Kg1 Rfd8 22. Bb2 Rxc1 23. Rxc1 Rd7 24. a3 b5 25. Bd4 Ke7 26. b4 Rc7 27. Bc5+ Kd7 28. Rd1 Kc6 29. e4 Nc3 30. Rd6+ 1-0

[Event "*** SCC Grand Prix: Titled Tuesday Blitz"]
[Site "Chess.com"]
[Date "2020.08.11"]
[Round "2"]
[White "lucachess49"]
[Black "VishnuPrasanna"]
[Result "0-1"]
[WhiteElo "2453"]
[BlackElo "2681"]
[TimeControl "180+1"]
[EndTime "10:17:27 PDT"]
[Termination "VishnuPrasanna won by resignation"]

1. d4 Nf6 2. c4 c6 3. Nc3 d5 4. e3 e6 5. Nf3 Nbd7 6. Qc2 g6 7.
Be2 Bg7 8. O-O O-O 9. b3 a6 10. a4 a5 11. Ba3 Re8 12. Rad1 b6 13. e4 Bb7 14. cxd5 exd5 15. exd5 cxd5 16. Nb5 Rc8 17. Qb2 Ne4 18. Bd3 Nb8 19. Nd2 Nc6 20. Nxe4 dxe4 21. Bc4 Nb4 22. Bxb4 axb4 23. Qd2 Bd5 24. Bxd5 Qxd5 25.
Qxb4 Bf8 26. Qd2 Qxb3 27. d5 Qxa4 28. d6 Red8 29. d7 Rc5 30. Nc3 Qc6 31. Ne2 Rc2 32.
Nd4 Rxd2 33. Nxc6 R8xd7 34. Rb1 Bc5 35. Ne5 R7d4 36. Nc6 Rd5 37. Rb5 Bxf2+ 38. Rxf2 Rd1+ 39. Rf1 Rxf1+ 40. Kxf1 Rxb5 0-1